Map: Ulrena

Players

KillerAttack

  • Race: Zerg Zerg
  • League: Diamond

LilDicky - Winner!

  • Race: Terran Terran
  • League: Diamond

VOD

http://www.twitch.tv/tumescentpie

Description

Time

  • Played on: Dec. 20, 2015, 11:28 a.m.
  • Length: 6:13
Show
View Real Time Build Order
Export as new Build Order

KillerAttack Zerg 

Build Orders: Hatch First 

Get SALT Encoding   

  12  0:01  Drone  
  13  0:12  Overlord  
  13  0:18  Drone  
  14  0:30  Drone x2  
  16  0:35  Drone  
  17  0:56  Drone  
  17  0:57  Hatchery  
  17  0:59  Drone  
  17  1:03  Extractor  
  17  1:15  Spawning Pool  
  17  1:18  Drone  
  17  1:21  Drone  
  18  1:28  Drone  
  19  2:02  Queen  
  19  2:03  Zergling x2  
  22  2:11  Queen  
  22  2:13  Drone x3  
  27  2:21  Roach Warren  
  26  2:24  Metabolic Boost  
  27  2:36  Drone x2  
  28  2:38  Overlord x2  
  28  2:47  Extractor  
  27  2:56  Queen  
  29  3:01  Roach Warren  
  29  3:12  Drone  
  29  3:13  Drone x5  
  34  3:22  Overlord  
  34  3:44  Hatchery, Queen  
  34  3:47  Drone x3  
  38  3:50  Drone x3  
  41  3:57  Roach  
  41  3:58  Roach  
  41  3:59  Roach  
  47  4:07  Drone x3  
  50  4:16  Queen  
  50  4:18  Overlord x2  
  52  4:36  Extractor  
  52  4:37  Drone  
  52  4:39  Drone  
  52  4:40  Drone x8  
  61  4:47  Overlord  
  61  5:06  Zergling x12  
  67  5:08  Drone x3  
  70  5:15  Baneling Nest  
  70  5:16  Extractor  
  70  5:17  Drone  
  70  5:20  Evolution Chamber  
  68  5:22  Evolution Chamber  
  68  5:23  Drone x3  
  68  5:24  Drone  
  68  5:25  Queen  
  73  5:40  Roach  
  73  5:41  Overlord x4  
  73  5:42  Overlord  
  69  5:51  Zergling x2  
  69  5:52  Zergling x12  
Show
View Real Time Build Order
Export as new Build Order

LilDicky Terran - Winner!

Build Orders: MMM Bio 

Get SALT Encoding   

  12  0:01  SCV  
  13  0:13  SCV  
  14  0:18  Supply Depot  
  14  0:28  SCV  
  15  0:34  Refinery  
  15  0:40  SCV  
  16  0:46  Barracks  
  16  0:52  SCV  
  17  1:05  SCV  
  18  1:17  SCV  
  20  1:34  Reaper  
  20  1:36  Orbital Command  
  20  1:57  Command Center  
  20  2:00  Supply Depot  
  20  2:12  Barracks Reactor  
  20  2:17  Barracks  
  20  2:19  Barracks  
  20  2:20  SCV  
  21  2:34  SCV  
  22  2:54  Marine  
  23  3:02  Marine  
  23  3:04  SCV  
  25  3:07  Barracks Tech Lab  
  25  3:08  Barracks Tech Lab  
  25  3:11  Barracks, Marine  
  26  3:13  Barracks  
  26  3:17  Orbital Command  
  25  3:22  SCV, Marine  
  27  3:27  Combat Shields, Stimpack  
  27  3:34  Marine  
  27  3:35  SCV  
  27  3:37  Marine  
  27  3:38  Marine  
  31  3:42  Marine  
  31  3:47  SCV  
  33  3:52  Marine  
  33  3:54  Marine  
  35  3:56  SCV, Marine  
  35  3:57  Supply Depot  
  35  3:58  Barracks Reactor  
  35  4:02  Barracks Reactor  
  37  4:03  Marine  
  37  4:04  SCV  
  37  4:09  SCV  
  40  4:10  Refinery  
  40  4:17  Marine x3  
  40  4:21  Marine  
  40  4:22  Factory  
  40  4:23  SCV  
  45  4:25  SCV  
  45  4:30  Supply Depot  
  46  4:35  Marine  
  46  4:36  Supply Depot  
  46  4:37  SCV  
  46  4:38  Marine  
  49  4:39  Marine  
  49  4:42  Marine  
  49  4:43  Marine  
  49  4:44  Marine  
  53  5:06  Marine x5  
  58  5:07  Supply Depot  
  58  5:08  Supply Depot, Factory Reactor  
  58  5:13  Starport, Marine x2  
  60  5:15  Marine  
  61  5:28  Marine x2  
  61  5:29  Marine x3  
  61  5:30  SCV x2  
  68  5:37  Supply Depot  
  68  5:42  SCV x2  
  70  5:43  Supply Depot  
Tags
 
Add a new tag
Caveats
  • Supply blocks, unpowered buildings, or Contaminate may cause inaccurate times.
  • Supply counts are checked every 10 seconds.